 Dungeon Crawl Stone Soup version 0.26.1-11-gd32895ea62 (webtiles) character file.

Game seed: 18074293807977126261

1235 GenialerGandalf the Cleaver (level 8, 0/69 HPs)
             Began as a Hill Orc Fighter on Apr 23, 2021.
             Was a Believer of Beogh.
             Succumbed to an orc priest's poison
             ... on level 5 of the Dungeon.
             The game lasted 00:30:34 (7518 turns).

GenialerGandalf the Cleaver (Hill Orc Fighter)      Turns: 7518, Time: 00:30:35

Health: 0/69       AC: 12    Str: 21    XL:     8   Next: 49%
Magic:  8/8        EV:  6    Int:  8    God:    Beogh [**....]
Gold:   393        SH: 10    Dex: 10    Spells: 7/7 levels left

rFire    . . .     SeeInvis .   a - +2 war axe
rCold    . . .     Faith    .   c - +0 kite shield
rNeg     . . .     Spirit   .   e - +0 chain mail
rPois    .         Reflect  .   h - +1 helmet
rElec    .         Harm     .   (no cloak)
rCorr    .         Rampage  .   (no gloves)
Will     .....                  (no boots)
Stlth    ..........             (no amulet)
HPRegen  0.21/turn              (no ring)
MPRegen  0.11/turn              (no ring)

@: lethally poisoned (0 -> -13)
A: no striking features
a: Renounce Religion, Smiting


You were on level 5 of the Dungeon.
You worshipped Beogh.
Beogh was pleased with you.
You visited 1 branch of the dungeon, and saw 6 of its levels.
You also visited: Sewer.

You collected 393 gold pieces.

Inventory:

Hand Weapons
 a - a +2 war axe (weapon)
Armour
 b - a +0 scale mail
 c - a +0 kite shield (worn)
 e - a +0 chain mail (worn)
 h - a +1 helmet (worn)
Jewellery
 l - an uncursed ring of ice {unknown}
 n - an uncursed ring of poison resistance {unknown}
 t - an uncursed ring of willpower {unknown}
Scrolls
 j - a scroll of remove curse
 k - a scroll of enchant armour {unknown}
 m - a scroll of fog {unknown}
 q - 2 scrolls of teleportation
 s - a scroll of identify
 w - a scroll of magic mapping
Potions
 d - 2 potions of might
 f - a potion of heal wounds {unknown}
 g - a potion of mutation {unknown}
 i - 4 potions of brilliance {unknown}
 o - 4 potions of curing {unknown}
 r - a potion of haste {unknown}
 u - 2 potions of flight {unknown}
 v - a potion of invisibility {unknown}


   Skills:
 + Level 5.4 Fighting
 + Level 8.5 Axes
 + Level 5.9 Armour
 + Level 1.2 Dodging
 + Level 0.1 Stealth
 + Level 6.3 Shields


You had 7 spell levels left.
You didn't know any spells.
Your spell library contained the following spells:

 Spells                   Type           Power        Failure   Level
 Beastly Appendage        Tmut           0%           100%        1
 Corona                   Hex            0%           100%        1
 Ensorcelled Hibernation  Hex/Ice        0%           100%        2
 Wereblood                Tmut           0%           100%        2
 Confusing Touch          Hex            0%           100%        3
 Dazzling Flash           Conj/Hex       0%           100%        3
 Gell's Gravitas          Tloc           0%           100%        3
 Spider Form              Tmut/Pois      0%           100%        3
 Tukima's Dance           Hex            0%           100%        3
 Ice Form                 Ice/Tmut       0%           100%        4
 Petrify                  Tmut/Erth      0%           100%        4
 Blade Hands              Tmut           0%           100%        5
 Metabolic Englaciation   Hex/Ice        0%           100%        5
 Yara's Violent Unravell  Hex/Tmut       0%           100%        5


Dungeon Overview and Level Annotations

Branches:
Dungeon (6/15)              Sewer (visited)
 Temple: D:4-7

Altars:
Dithmenos
Elyvilon
Fedhas
Makhleb
Okawaru
Xom
Yredelemnul
Zin
Beogh

Shops:
D:5 [(?[

Annotations:
D:3 Sigmund
D:4 1 runed translucent door, Crazy Yiuf
D:5 3 runed translucent doors, Tinylith's ghost, novice HaHu
D:6 Menkaure


Message History

Menkaure calls on the powers of darkness!
The orc priest convulses!
Your body is wracked with pain!
* * * LOW HITPOINT WARNING * * *
The orc wizard convulses!
Items here: )) [[ ††.
You completely miss the orc wizard.
The orc wizard is severely wounded.
You feel sick.
The orc wizard gestures wildly while chanting.
The orc wizard blinks!
You feel sick.
The orc wizard gestures wildly while chanting.
The orc wizard blinks!
There is a stone staircase leading up, spattered with blood here.
The orc priest hits you with a +1 war axe of venom!
* * * LOW HITPOINT WARNING * * *
You are more poisoned.
You climb upwards.
Level annotation: 3 runed translucent doors, Tinylith's ghost, novice HaHu You die...

##### ....# ....# #######
....# #.....#
....############# #.###.##
....##..........# #......#
..(.##..........##########..#
....)'..........@o..........#
...)##..........###########.#
######..........###########.#
#..........#.|.........#
#........(.#.###########
#∩.........#.#
###..........#.#
#............#.#########
##............#.#.......#


You could see an orc priest.

Vanquished Creatures
  A sky beast (D:5)
  A necrophage (D:4)
  2 ogres
  A big kobold (Sewer)
  A bullfrog (D:5)
  3 scorpions
  2 hounds (D:4)
  3 orc priests
  2 bullfrog skeletons (D:5)
  3 orc wizards
  3 worker ants
  A hound skeleton (D:5)
  3 gnolls
  A river rat (Sewer)
  7 adders
  A shadow imp (D:5)
  An ooze (D:4)
  An adder skeleton (D:4)
  3 worms
  3 dart slugs
  4 leopard geckos
  16 orcs
  2 ball pythons (D:3)
  8 bats
  5 giant cockroaches
  5 goblins
  5 hobgoblins
  9 jackals
  8 kobolds
  A quokka (D:3)
  6 frilled lizards
  A leopard gecko skeleton (D:5)
  9 rats
122 creatures vanquished.

Vanquished Creatures (others)
  A plant (D:2)
1 creature vanquished.

Grand Total: 123 creatures vanquished

Notes
Turn   | Place    | Note
-------+----------+-------------------------------------------
     0 | D:1      | GenialerGandalf the Hill Orc Fighter began the quest for
                  | the Orb.
     0 | D:1      | Reached XP level 1. HP: 19/19 MP: 1/1
    76 | D:1      | Reached XP level 2. HP: 21/27 MP: 2/2
    77 | D:1      | Reached skill level 3 in Axes
   663 | D:1      | Reached XP level 3. HP: 33/33 MP: 3/3
  2349 | D:3      | Reached XP level 4. HP: 40/40 MP: 4/4
  2437 | D:3      | Reached skill level 4 in Axes
  2994 | D:3      | Noticed Sigmund
  3321 | D:3      | Found a white marble altar of Elyvilon.
  3327 | D:3      | Found a glowing silver altar of Zin.
  3327 | D:3      | Found a basalt altar of Yredelemnul.
  3328 | D:3      | Found a shimmering altar of Xom.
  3330 | D:3      | Found an iron altar of Okawaru.
  3331 | D:3      | Found a burning altar of Makhleb.
  3445 | D:3      | HP: 1/40 [Sigmund/+1 scythe of freezing (2)]
  4059 | D:3      | Noticed an ogre
  4066 | D:3      | Killed an ogre
  4067 | D:3      | Reached skill level 5 in Axes
  4067 | D:3      | Reached XP level 5. HP: 18/46 MP: 5/5
  4282 | D:3      | Became a worshipper of Beogh the Brigand
  4336 | D:3      | Reached XP level 6. HP: 22/52 MP: 6/6
  5115 | D:4      | Found a blossoming altar of Fedhas.
  5174 | D:4      | Noticed a necrophage
  5187 | D:4      | Killed a necrophage
  5188 | D:4      | Reached skill level 6 in Axes
  5188 | D:4      | Reached skill level 5 in Shields
  5188 | D:4      | Reached XP level 7. HP: 60/60 MP: 7/7
  5290 | D:4      | Found a runed translucent door.
  5291 | D:4      | Noticed Crazy Yiuf
  5783 | D:5      | Entered Level 5 of the Dungeon
  5794 | D:5      | Found Zastemug's Antique Armour Shop.
  5835 | D:5      | Reached skill level 5 in Armour
  5835 | D:5      | Reached skill level 1 in Dodging
  5960 | D:5      | Reached * piety under Beogh
  5967 | D:5      | Reached skill level 5 in Fighting
  5967 | D:5      | Reached skill level 7 in Axes
  6023 | D:5      | Found a glowing drain.
  6146 | Sewer    | Entered a sewer
  6253 | Sewer    | Reached XP level 8. HP: 64/68 MP: 8/8
  6357 | Sewer    | Found a white marble altar of Elyvilon.
  6651 | D:5      | Found Rinoxi's Magic Scroll Boutique.
  6685 | D:5      | Reached ** piety under Beogh
  6692 | D:5      | Reached skill level 8 in Axes
  6869 | D:5      | Found Ber Damiw's Antique Weapon Emporium.
  6880 | D:5      | Found Ihuocoim's Antique Armour Shoppe.
  7131 | D:5      | Noticed Tinylith's ghost (novice HaHu)
  7131 | D:5      | Identified the +0 leather armour "Huneami" {Str+2}
  7132 | D:5      | Found a runed translucent gate.
  7132 | D:5      | Found a runed translucent gate.
  7132 | D:5      | Found a runed translucent gate.
  7133 | D:5      | Found a roughly hewn altar of Beogh.
  7447 | D:6      | Found a shadowy altar of Dithmenos.
  7506 | D:6      | Noticed Menkaure
  7517 | D:6      | HP: 2/69 [orc priest/+1 war axe of venom (8)]
  7518 | D:5      | Succumbed to an orc priest's poison

Illustrated notes

Levels and vault maps discovered:
D:1:      minmay_arrival_loop, layout_loops_ring
D:2:      layout_loops_ring, serial_bayou_ford_a
D:3:      layout_basic, minitemple, uniq_sigmund
D:4:      layout_rooms, grunt_decor_mini_mirrors, minmay_door_square,
          fedhas_altar_4, uniq_crazy_yiuf_cottage
D:5:      layout_basic, serial_shops, kennysheep_little_box, shop, shop, shop,
          biasface_ghost_orc_armoury, gup_sewer_entry_glass,
          kennysheep_generic_room_4
D:6:      layout_loops_ring, basic_altar, grunt_dithmenos_smoke_and_mirrors,
          uniq_menkaure

Skill      XL: |  1  2  3  4  5  6  7  8 |
---------------+-------------------------+-----
Axes           | 3 5 6 7 8 |  8.5
Fighting       | 4 5 |  5.4
Armour         | 4 5 |  5.9
Shields        | 4 5 6 |  6.3
Dodging        | 1 |  1.2
Stealth        | |  0.1

Action                   |  1- 3 |  4- 6 |  7- 9 || total
-------------------------+-------+-------+-------++-------
Melee: War axe           |   100 |   144 |   183 ||   427
Invok: Convert to Beogh  |       |     1 |       ||     1
  Use: Scroll            |     2 |     2 |     5 ||     9
Armor: Scale mail        |   100 |       |       ||   100
       Chain mail        |    12 |   137 |   109 ||   258
Dodge: Dodged            |    68 |    61 |    45 ||   174
Block: Kite shield       |    98 |   114 |    95 ||   307
